 Dungeon Crawl Stone Soup version 0.23.2 (webtiles) character file.

Game seed: 16748878899915897913

178273 zedzed the Destroyer (level 18, -2/110 HPs)
             Began as a Tengu Wizard on Apr 1, 2019.
             Was a High Priest of Ashenzari.
             Slain by a sixfirhy (3 damage)
             ... on level 3 of the Elven Halls on Apr 6, 2019.
             The game lasted 05:17:13 (52551 turns).

zedzed the Destroyer (Tengu Wizard)                Turns: 52551, Time: 05:17:13

Health: -2/110     AC: 15    Str:  8    XL:     18   Next: 19%
Magic:  27/45      EV: 22    Int: 25    God:    Ashenzari [*****.]
Gold:   655        SH: 13    Dex: 16    Spells: 14/43 levels left

rFire    + . .     SeeInvis +   X - +9 lance "Wyrmbane" {slay drac, rPois rF+ rC+ AC+3}
rCold    + . .     Gourm    .   J - +2 shield
rNeg     . . .     Faith    .   G - +0 troll leather armour
rPois    +         Spirit   .   b - +2 hat
rElec    .         Reflect  .   T - +2 cloak "Joisuowav" {Dex+2}
rCorr    +         Harm     .   W - +0 pair of gloves (curse)
MR       +....     Clarity  +   (boots unavailable)
Stlth    ++........             A - amulet of inaccuracy (curse)
HPRegen  0.68/turn              D - ring of resist corrosion
MPRegen  0.29/turn              R - ring of magical power (curse)

@: flying quickly and evasively, very slightly contaminated, quick
A: beak, talons 3, able to fly
a: Stop Flying, Curse Item, Scrying, Transfer Knowledge, Renounce Religion


You were on level 3 of the Elven Halls.
You worshipped Ashenzari.
Ashenzari was extremely pleased with you.
You were near starving.

You visited 5 branches of the dungeon, and saw 27 of its levels.
You visited the Abyss 1 time.

You collected 2916 gold pieces.
You spent 2261 gold pieces at shops.

Inventory:

Hand Weapons
 X - the +9 lance "Wyrmbane" (weapon) {slay drac, rPois rF+ rC+ AC+3}
   (You found it on level 10 of the Dungeon)

   It affects your AC (+3).
   It protects you from fire.
   It protects you from cold.
   It protects you from poison.
Missiles
 V - 28 sling bullets
Armour
 b - a +2 hat (worn)
 f - a +1 leather armour of magic resistance
 G - a +0 troll leather armour (worn)
 J - a +2 shield (worn)
 N - a scarf of cloud immunity
 T - the +2 cloak "Joisuowav" (worn) {Dex+2}
   (You bought it in a shop on level 2 of the Orcish Mines)

   It affects your dexterity (+2).
 W - a cursed +0 pair of gloves (worn)
Magical Staves
 c - a cursed staff of cold
 H - an uncursed staff of fire
 I - an uncursed staff of conjuration
Jewellery
 i - an uncursed ring of ice
 j - a +5 ring of strength
 n - an uncursed amulet of the acrobat
 r - a cursed ring of teleportation
 A - a cursed amulet of inaccuracy (around neck)
 D - a ring of resist corrosion (left hand)
 R - a cursed ring of magical power (right hand)
Wands
 a - a wand of acid (16)
 s - a wand of paralysis (12)
 x - a wand of polymorph (8)
 P - a wand of scattershot (6)
Scrolls
 e - 4 scrolls of immolation
 h - 4 scrolls of enchant armour
 k - 14 scrolls of identify
 l - 7 scrolls of magic mapping
 m - a scroll of silence {unknown}
 o - 14 scrolls of teleportation
 y - 2 scrolls of amnesia
 B - 6 scrolls of enchant weapon
 C - a scroll of fear
 E - 5 scrolls of remove curse
 L - 2 scrolls of holy word
 M - a scroll of fog
 U - a scroll of brand weapon
Potions
 p - a potion of cancellation
 q - 6 potions of curing
 v - a potion of brilliance
 w - 3 potions of resistance
 z - 3 potions of invisibility
 F - 2 potions of haste
 K - 5 potions of magic
 O - 3 potions of agility
Miscellaneous
 t - a lamp of fire (inert)
 Q - a phantom mirror
 Y - a crystal ball of energy
Comestibles
 d - 38 rations


   Skills:
 - Level 11.0 Fighting
 - Level 12.2 Polearms
 - Level 10.4 Armour
 - Level 11.1 Dodging
 - Level 2.0 Stealth
 - Level 10.4 Shields
 - Level 13.0 Spellcasting
 - Level 14.1(16.3) Conjurations
 * Level 12.5(14.9) Summonings
 - Level 3.1(5.4) Translocations
 - Level 2.4(4.5) Fire Magic
 - Level 3.1(5.4) Earth Magic
   Level 1.0(2.5) Poison Magic
 - Level 4.0(6.4) Evocations


You had 14 spell levels left.
You knew the following spells:

 Your Spells              Type           Power        Failure   Level  Hunger
b - Conjure Flame         Conj/Fire      ######..     1%          3    None
d - Blink                 Tloc           N/A          1%          2    None
f - Iskenderun's Mystic   Conj           #######.     1%          4    None
g - Iron Shot             Conj/Erth      ######....   14%         6    #####..
h - Orb of Destruction    Conj           #######...   9%          7    ######.
i - Spellforged Servitor  Conj/Summ      #######...   12%         7    ######.

Your spell library contained the following spells:

 Spells                   Type           Power        Failure   Level  Hunger
 Magic Dart               Conj           ####         0%          1    None
 Searing Ray              Conj           ######       0%          2    None
 Flame Tongue             Conj/Fire      #####        1%          1    None
 Sandblast                Erth           #####.       1%          1    None
 Sting                    Conj/Pois      ####         1%          1    None
 Call Imp                 Summ           ######..     1%          2    None
 Dazzling Spray           Conj/Hex       ######       1%          3    None
 Mephitic Cloud           Conj/Pois/Air  #####...     1%          3    None
 Stone Arrow              Conj/Erth      ######       1%          3    None
 Summon Guardian Golem    Hex/Summ       ######..     1%          3    None
 Force Lance              Conj/Tloc      ######..     1%          4    None
 Fulminant Prism          Conj/Hex       ######....   2%          4    None
 Passwall                 Tmut/Erth      ####....     3%          2    None
 Venom Bolt               Conj/Pois      ######....   4%          5    ###....
 Bolt of Magma            Conj/Fire/Erth ######....   6%          5    ###....
 Poisonous Vapours        Pois/Air       ###...       7%          2    None
 Corona                   Hex            ###....      8%          1    None
 Bolt of Draining         Conj/Necr      ######....   8%          5    ###....
 Iskenderun's Battlesphe  Conj/Chrm      ######..     8%          5    ###....
 Corpse Rot               Necr           N/A          11%         2    None
 Ensorcelled Hibernation  Hex/Ice        ###...       11%         2    None
 Slow                     Hex            ###.....     11%         2    None
 Sublimation of Blood     Necr           ###.......   11%         2    None
 Confuse                  Hex            ###.....     22%         3    None
 Tukima's Dance           Hex            ###.....     22%         3    None
 Petrify                  Tmut/Erth      ####....     26%         4    None
 Lee's Rapid Deconstruct  Erth           #####.....   26%         5    ###....
 Olgreb's Toxic Radiance  Pois           ####....     30%         4    None
 Agony                    Necr           ###.....     90%         5    ###....
 Dispel Undead            Necr           ###.....     90%         5    ###....
 Excruciating Wounds      Chrm/Necr      ###.......   90%         5    ###....


Dungeon Overview and Level Annotations

Branches:
Dungeon (15/15)            Temple (1/1) D:5            Lair (6/6) D:11
 Shoals (0/4) Lair:2       Spider (0/4) Lair:4        Slime (0/5) Lair:5
    Orc (2/2) D:11            Elf (3/3) Orc:2        Vaults (0/5) D:13
 Depths (0/5) D:15

Altars:
Ashenzari
Cheibriados
Dithmenos
Elyvilon
Fedhas
Gozag
Hepliaklqana
Kikubaaqudgha
Makhleb
Nemelex Xobeh
Okawaru
Qazlal
Ru
Sif Muna
Trog
Uskayaw
Vehumet
Wu Jian
Xom
Yredelemnul
Zin
The Shining One
Jiyva

Shops:
D:4 !   D:8 =   Orc:2 (**}}   Elf:1 :   Elf:3 }

Annotations:
Lair:3 exclusion: 2 oklob plants


Innate Abilities, Weirdness & Mutations

You have a beak for a mouth.
You have claws for feet.
You can fly continuously.


Message History

You pass through the gate.
Welcome back to the Elven Halls!
Casting: Orb of Destruction (quite dangerous; 9% risk of failure)
Confirm with . or Enter, or press ? or * to list all spells.
You miscast Spellforged Servitor.
You are caught in a violent explosion!
The explosion engulfs you!
* * * LOW HITPOINT WARNING * * *
The explosion engulfs the sixfirhy!
You are feeling very hungry.
You block the sixfirhy's attack.
Casting: Spellforged Servitor (quite dangerous; 12% risk of failure)
Confirm with . or Enter, or press ? or * to list all spells.
You summon a servant imbued with your destructive magic!
You are near starving!
The sixfirhy misses you. The sixfirhy hits you!
* * * LOW HITPOINT WARNING * * *
The sixfirhy shocks you!
* * * LOW HITPOINT WARNING * * *
The sixfirhy closely misses you. The sixfirhy hits you.
You die...

≈ , * , ** ,{,, #)#.# ,,*, , {∆
,* #...# *. *############)#####
≈≈ * #. ,, '.....'.....'.... ≈*
, #. { #.....#.....#.... ≈ ,,
,*#. ,,#.... #.....#.... ≈≈* ,
x.##'####'#######'###'## ≈≈*, ,
,..'...3............).... , ≈ ,
..'...8@................ ≈ * ,
.###########''########## , ≈* ,
##≈≈≈≈≈≈≈≈≈≈..≈≈≈≈≈≈≈≈≈≈ ,
≈#####≈≈≈≈≈≈≈≈≈≈≈..≈≈≈≈≈≈≈≈≈≈ *
,≈≈≈≈≈≈≈≈≈...........)....)....
,
,,≈≈≈≈≈...............<.......
* ,.....................)......
**..<.........................
########.#####.#######.#####


You could see a sixfirhy, a small abomination and a friendly spellforged
servitor.

Vanquished Creatures
  A deep elf sorcerer (Elf:1)
  2 deep elf annihilators
  A deep elf demonologist (Elf:3)
  3 deep elf death magi (Elf:3)
  A yaktaur captain (D:15)
  A deep elf high priest (Elf:3)
  5 vault guards (D:13)
  An ice dragon (Lair:6)
  7 hydras
  2 two-headed ogres
  A catoblepas (Lair:5)
  5 centaur warriors
  Erica (D:8)
  An ogre mage (D:13)
  11 death yaks
  2 tengu warriors (D:14)
  20 dancing weapons
  Urug (Lair:2)
  A shock serpent (shapeshifter) (D:13)
  An orc high priest (Elf:2)
  9 skeletal warriors
  Sonja (D:11)
  12 deep elf knights
  2 unseen horrors
  Pikel (D:6)
  A lindwurm (Lair:6)
  7 deep elf archers
  32 deep elf magi
  9 ugly things
  3 orc knights
  A wolf spider (Lair:6)
  3 cyclopes
  A manticore (D:13)
  11 elephants
  Psyche (D:8)
  4 black mambas
  2 gargoyles (D:13)
  Joseph (D:6)
  16 spiny frogs
  5 torpor snails (Lair:6)
  3 komodo dragons
  A kobold demonologist (D:14)
  7 rime drakes
  An efreet (D:14)
  A tengu conjurer (D:13)
  5 trolls
  An ancient zyme (Abyss:2)
  4 tyrant leeches (Lair:6)
  10 polar bears
  9 hornets
  A raiju (Lair:6)
  16 blink frogs
  17 hippogriffs
  8 slime creatures
  A flying skull (Abyss:2)
  2 air elementals (Elf:2)
  A water elemental (Elf:2)
  10 wyverns
  A vampire (D:12)
  50 yaks
  A fire elemental (Elf:2)
  3 hogs (D:11)
  A human (D:11)
  6 basilisks
  5 hungry ghosts
  A steam dragon (D:10)
  4 wargs (Lair:6)
  5 swamp worms (Lair:1)
  An acid dragon (D:10)
  16 hell hounds (Lair:6)
  12 water moccasins
  8 porcupines
  39 orc warriors
  5 ice beasts
  A hornet zombie (D:12)
  2 eyes of draining
  2 phantoms
  12 black bears
  17 ogres
  A necrophage (D:10)
  5 sky beasts
  A boggart (D:15)
  21 wolves
  30 centaurs
  20 crocodiles
  3 big kobolds
  23 bullfrogs
  An earth elemental (Elf:2)
  A wyvern zombie (D:13)
  A wyvern skeleton (D:14)
  4 scorpions
  9 killer bees
  9 wights
  2 howler monkeys
  3 electric eels
  5 bullfrog zombies
  5 crimson imps
  7 centaur zombies
  3 quasits
  3 hounds
  4 jellies
  16 orc wizards
  12 orc priests
  4 bullfrog skeletons
  4 centaur skeletons
  5 iguanas
  10 worker ants
  A killer bee zombie (D:6)
  2 hound skeletons
  4 gnolls (D:3)
  8 adders
  5 shadow imps
  An adder zombie (D:8)
  2 worms
  3 dart slugs
  9 leopard geckos
  85 orcs
  5 giant cockroaches
  9 goblins
  7 hobgoblins
  5 jackals
  26 kobolds
  7 quokkas
  2 ball pythons
  3 bats
  5 frilled lizards
  A jackal skeleton (D:6)
  2 leopard gecko zombies
  A quokka skeleton (D:4)
  3 quokka zombies
  8 rats
  A butterfly (Lair:5)
  3 plants (Lair:6)
900 creatures vanquished.

Vanquished Creatures (collateral kills)
  A deep elf elementalist (Elf:3)
  A deep elf annihilator (Elf:3)
  2 dancing weapons
  2 deep elf knights (Elf:3)
  2 deep elf archers (Elf:2)
  4 deep elf magi (Elf:3)
  A worldbinder (Abyss:2)
  2 raiju (Abyss:2)
  A ynoxinul (Abyss:2)
  A chaos spawn (Abyss:2)
  2 starcursed masses (Abyss:2)
  An earth elemental (Elf:3)
  A white imp (Abyss:2)
  An ufetubus (Abyss:2)
22 creatures vanquished.

Vanquished Creatures (others)
  4 slaves (D:6)
  An orc warrior (D:6)
  An adder (D:6)
  2 orcs (D:6)
  25 fungi
  43 plants
76 creatures vanquished.

Grand Total: 998 creatures vanquished

Notes
Turn   | Place    | Note
-------+----------+-------------------------------------------
     0 | D:1      | zedzed the Tengu Wizard began the quest for the Orb.
     0 | D:1      | Reached XP level 1. HP: 10/10 MP: 5/5
    57 | D:1      | Reached skill level 2 in Conjurations
   269 | D:1      | Reached XP level 2. HP: 15/15 MP: 4/7
   438 | D:1      | Reached skill level 3 in Conjurations
   897 | D:2      | Reached skill level 4 in Conjurations
   897 | D:2      | Reached XP level 3. HP: 19/19 MP: 3/8
  1965 | D:3      | Reached skill level 5 in Conjurations
  1965 | D:3      | Reached XP level 4. HP: 24/24 MP: 1/9
  2036 | D:3      | Learned a level 3 spell: Conjure Flame
  2040 | D:3      | Learned a level 3 spell: Mephitic Cloud
  2424 | D:3      | Reached skill level 1 in Air Magic
  2532 | D:3      | Reached skill level 1 in Fire Magic
  2619 | D:3      | Gained mutation: You can fly continuously. [Tengu growth]
  2619 | D:3      | Reached XP level 5. HP: 24/28 MP: 0/11
  3370 | D:4      | Found a snail-covered altar of Cheibriados.
  3529 | D:4      | Found Ofobev's Distillery.
  3556 | D:4      | Bought a potion of curing for 36 gold pieces
  3564 | D:4      | Learned a level 2 spell: Blink
  3616 | D:5      | Entered Level 5 of the Dungeon
  3638 | D:5      | Got an ichor-stained chain mail
  3649 | D:5      | Noticed an ice beast
  3654 | D:5      | Found a staircase to the Ecumenical Temple.
  3663 | Temple   | Entered the Ecumenical Temple
  3861 | D:5      | Reached XP level 6. HP: 32/32 MP: 4/12
  4089 | D:5      | Reached skill level 1 in Poison Magic
  4203 | D:5      | Reached skill level 1 in Translocations
  4254 | D:5      | Reached skill level 6 in Conjurations
  4511 | D:5      | Reached XP level 7. HP: 36/36 MP: 8/14
  4669 | D:6      | Found a shadowy altar of Dithmenos.
  5066 | D:6      | Noticed Pikel
  5094 | D:6      | Killed Pikel
  5094 | D:6      | Reached skill level 5 in Spellcasting
  5094 | D:6      | Reached skill level 7 in Conjurations
  5094 | D:6      | Reached XP level 8. HP: 41/41 MP: 1/17
  5234 | D:6      | Found a sparkling altar of Nemelex Xobeh.
  5304 | D:6      | Reached skill level 1 in Fighting
  5582 | D:6      | Found a burning altar of Makhleb.
  5629 | D:6      | Found a sacrificial altar of Ru.
  5631 | D:6      | Found a blossoming altar of Fedhas.
  5636 | D:6      | Found a shattered altar of Ashenzari.
  5644 | D:6      | Became a worshipper of Ashenzari the Shackled
  6471 | D:4      | Reached skill level 8 in Conjurations
  6590 | D:4      | Reached skill level 1 in Armour
  6658 | D:4      | Found the +10 large shield of Ignorance {rN+ Int-4}
  7720 | D:7      | Reached XP level 9. HP: 50/50 MP: 16/19
  8216 | D:7      | Noticed Joseph
  8429 | D:6      | Killed Joseph
  8691 | D:7      | Found a stormy altar of Qazlal.
  8893 | D:7      | Reached * piety under Ashenzari
  8965 | D:7      | Reached skill level 5 in Dodging
  9272 | D:8      | Reached skill level 1 in Evocations
  9874 | D:8      | Noticed Erica
  9891 | D:8      | Found a white marble altar of Elyvilon.
  9935 | D:8      | Reached XP level 10. HP: 41/56 MP: 13/21
 10000 | D:8      | Killed Erica
 10000 | D:8      | Reached skill level 5 in Armour
 10295 | D:8      | Noticed Psyche
 10323 | D:8      | Killed Psyche
 10600 | D:8      | Noticed a cyclops
 10622 | D:8      | Killed a cyclops
 10815 | D:8      | Found Plog's Jewellery Emporium.
 10823 | D:8      | Bought an uncursed ring of magical power for 240 gold
                  | pieces
 11631 | D:9      | Reached skill level 5 in Fighting
 12507 | D:9      | Found a radiant altar of Vehumet.
 12641 | D:9      | Reached XP level 11. HP: 64/64 MP: 24/24
 12968 | D:10     | Entered Level 10 of the Dungeon
 13531 | D:10     | Learned a level 3 spell: Stone Arrow
 13798 | D:10     | Reached skill level 1 in Earth Magic
 14081 | D:10     | Reached ** piety under Ashenzari
 14404 | D:10     | Found the +8 lance "Wyrmbane" {slay drac, rPois rF+ rC+
                  | AC+3}
 14590 | D:10     | Reached skill level 1 in Polearms
 14978 | D:11     | Noticed a skeletal warrior
 14983 | D:11     | Noticed a skeletal warrior
 14984 | D:11     | Noticed a skeletal warrior
 14986 | D:11     | Noticed a skeletal warrior
 14987 | D:11     | Noticed a skeletal warrior
 15526 | D:10     | Killed a skeletal warrior
 15764 | D:10     | Killed a skeletal warrior
 15957 | D:10     | Killed a skeletal warrior
 16197 | D:11     | Killed a skeletal warrior
 16197 | D:11     | Reached skill level 5 in Polearms
 16454 | D:10     | Killed an unseen horror
 16608 | D:11     | Found a staircase to the Orcish Mines.
 16619 | D:11     | Found a staircase to the Lair.
 16636 | D:11     | Noticed a two-headed ogre
 16644 | D:11     | Killed a two-headed ogre
 17050 | Lair:1   | Entered Level 1 of the Lair of Beasts
 17586 | Lair:1   | Reached XP level 12. HP: 72/72 MP: 25/25
 18924 | Lair:2   | Reached skill level 10 in Polearms
 19065 | Lair:2   | Noticed Urug
 19214 | Lair:2   | Killed Urug
 19901 | Lair:2   | Found a staircase to the Shoals.
 19977 | Lair:2   | Identified 2 scrolls of acquirement
 19997 | Lair:2   | Learned a level 4 spell: Iskenderun's Mystic Blast
 20296 | Lair:2   | Noticed a five-headed hydra
 20308 | Lair:2   | Killed a five-headed hydra
 20691 | Lair:3   | Noticed a death yak
 20691 | Lair:3   | Noticed a death yak
 20691 | Lair:3   | Noticed a death yak
 20691 | Lair:3   | Noticed a death yak
 20692 | Lair:3   | Reached *** piety under Ashenzari
 20695 | Lair:3   | Noticed a death yak
 20695 | Lair:3   | Noticed a death yak
 20845 | Lair:2   | Killed a death yak
 21347 | Lair:3   | Noticed a five-headed hydra
 21383 | Lair:3   | Reached skill level 9 in Conjurations
 21425 | Lair:3   | Killed a five-headed hydra
 21524 | Lair:3   | Noticed a six-headed hydra
 21531 | Lair:3   | Killed a six-headed hydra
 21704 | Lair:3   | Reached XP level 13. HP: 76/76 MP: 15/26
 21846 | Lair:3   | Reached skill level 10 in Conjurations
 22922 | Lair:2   | Reached skill level 11 in Conjurations
 25247 | Lair:4   | Found a hole to the Spider Nest.
 25764 | Lair:5   | Reached skill level 12 in Conjurations
 26348 | Lair:5   | Found a viscous altar of Jiyva.
 26348 | Lair:5   | Found a staircase to the Slime Pits.
 27375 | Lair:5   | Reached **** piety under Ashenzari
 27515 | Lair:5   | Reached skill level 13 in Conjurations
 27784 | Lair:6   | Entered Level 6 of the Lair of Beasts
 28077 | Lair:6   | Reached XP level 14. HP: 86/86 MP: 18/28
 29410 | Lair:6   | Reached skill level 14 in Conjurations
 29756 | Lair:6   | Reached skill level 10 in Spellcasting
 31660 | Lair:6   | Reached skill level 10 in Dodging
 32725 | Lair:6   | Found a runed translucent door.
 33051 | Lair:6   | Reached skill level 10 in Armour
 34468 | Lair:1   | Reached XP level 15. HP: 90/90 MP: 31/31
 35184 | D:11     | Noticed Sonja
 35199 | D:11     | Killed Sonja
 35199 | D:11     | Reached XP level 16. HP: 96/96 MP: 19/32
 38602 | D:13     | Reached skill level 10 in Fighting
 39907 | D:13     | Found a gate to the Vaults.
 40870 | D:14     | Reached ***** piety under Ashenzari
 40874 | D:14     | Reached skill level 1 in Shields
 41754 | D:14     | Reached skill level 5 in Shields
 42848 | D:15     | Entered Level 15 of the Dungeon
 43724 | D:15     | Reached XP level 17. HP: 72/104 MP: 34/35
 44303 | Orc:1    | Entered Level 1 of the Orcish Mines
 44383 | Orc:1    | Found a bloodstained altar of Trog.
 44421 | Orc:2    | Entered Level 2 of the Orcish Mines
 44761 | Orc:2    | Found Wakizephi's Antique Weapon Shoppe.
 44977 | Orc:2    | Found a staircase to the Elven Halls.
 46184 | Orc:2    | Found Juhilurr's Assorted Antiques.
 46184 | Orc:2    | Found Qegayh's Gadget Boutique.
 46184 | Orc:2    | Found Juarug's Gadget Shop.
 46186 | Orc:2    | Found Uguith's Assorted Antiques.
 46291 | Orc:2    | Bought a polished cloak for 275 gold pieces
 46291 | Orc:2    | Identified the +2 cloak "Joisuowav" {Dex+2} (You bought it
                  | in a shop on level 2 of the Orcish Mines)
 46293 | Orc:2    | Bought a paperback book for 480 gold pieces
 46569 | Elf:1    | Entered Level 1 of the Elven Halls
 47519 | Elf:1    | Reached skill level 10 in Shields
 47861 | Elf:1    | Identified the Guide on Creative Conjuration
 47881 | Elf:1    | Learned a level 6 spell: Iron Shot
 48308 | Elf:1    | Found Furu Qor's Book Boutique.
 48312 | Elf:1    | Bought a book of Power for 630 gold pieces
 48320 | Elf:1    | Learned a level 7 spell: Orb of Destruction
 48328 | Elf:1    | Learned a level 7 spell: Spellforged Servitor
 48789 | Elf:2    | Reduced skill Air Magic to level 1
 48962 | Elf:2    | Reached skill level 5 in Summonings
 49756 | Elf:2    | Found a runed translucent gate.
 49756 | Elf:2    | Found a runed translucent gate.
 49757 | Elf:2    | Found a runed translucent gate.
 50647 | Elf:2    | Reached skill level 10 in Summonings
 51433 | Elf:3    | Entered Level 3 of the Elven Halls
 51433 | Elf:3    | Found Ohavvuij's Gadget Emporium.
 51443 | Elf:2    | Reached XP level 18. HP: 110/110 MP: 27/36
 51771 | Elf:3    | Identified the +2 buckler of Patience {MR+}
 51784 | Elf:3    | Noticed a deep elf master archer
 51801 | Elf:3    | Identified the +8 war axe "Uckakkey" {flame, Dex+4}
 51801 | Elf:3    | Identified the +6 scale mail of the Mutiny {rC- MP+9 Str+5
                  | Stlth+}
 51835 | Elf:3    | Noticed a deep elf blademaster
 51991 | Elf:3    | Bought a lamp of fire for 600 gold pieces
 52390 | Elf:3    | Cast into level 2 of the Abyss (a deep elf demonologist)
 52479 | Abyss:2  | Found a snail-covered altar of Cheibriados.
 52523 | Abyss:2  | Paralysed by accursed screaming for 1 turns
 52531 | Abyss:2  | Noticed a bone dragon
 52549 | Elf:3    | Escaped the Abyss
 52551 | Elf:3    | HP: 1/110 [sixfirhy (11)]
 52551 | Elf:3    | Slain by a sixfirhy

Skill      XL: |  1  2  3  4  5  6  7  8  9 10 11 12 13 14 15 16 17 18 |
---------------+-------------------------------------------------------+-----
Conjurations   | 2 4 5 6 7 8 9 13 14 | 14.1
Air Magic      | 1 3 0 |  0.0
Fire Magic     | 1 2 |  2.4
Spellcasting   | 4 5 6 7 8 9 11 13 | 13.0
Poison Magic   | 1 |  1.0
Translocations | 1 3 |  3.1
Fighting       | 3 5 7 9 11 | 11.0
Armour         | 2 4 6 7 8 10 | 10.4
Dodging        | 3 5 7 8 9 11 | 11.1
Evocations     | 2 4 |  4.0
Earth Magic    | 2 3 |  3.1
Polearms       | 8 12 | 12.2
Shields        | 7 10 | 10.4
Summonings     | 11 12 | 12.5
Stealth        | |  2.0

Action                   |  1- 3 |  4- 6 |  7- 9 | 10-12 | 13-15 | 16-18 || total
-------------------------+-------+-------+-------+-------+-------+-------++-------
Melee: Unarmed           |     2 |     1 |       |       |       |       ||     3
       Kick              |     1 |     5 |    43 |    43 |    90 |   126 ||   308
       Dagger            |       |     4 |       |       |       |       ||     4
       Peck              |       |     7 |    33 |    30 |    63 |    70 ||   203
       Spear             |       |    46 |     5 |       |       |       ||    51
       Whip              |       |       |   163 |   122 |       |       ||   285
       Lance             |       |       |       |   117 |   531 |   717 ||  1365
       Staff             |       |       |       |     4 |       |       ||     4
Throw: Stone             |       |       |       |     1 |       |       ||     1
 Cast: Magic Dart        |    86 |   122 |   171 |   303 |    23 |       ||   705
       Blink             |       |     2 |     3 |     3 |     2 |       ||    10
       Mephitic Cloud    |       |     3 |    35 |    42 |     1 |       ||    81
       Conjure Flame     |       |       |    11 |    22 |     3 |     1 ||    37
       Stone Arrow       |       |       |       |   200 |   207 |    32 ||   439
       Iskenderun's Myst |       |       |       |    40 |   312 |   619 ||   971
       Orb of Destructio |       |       |       |       |       |    24 ||    24
       Iron Shot         |       |       |       |       |       |     5 ||     5
       Spellforged Servi |       |       |       |       |       |    12 ||    12
Invok: Curse Item        |       |       |       |     1 |       |       ||     1
       Transfer Knowledg |       |       |       |       |       |     1 ||     1
 Abil: Fly               |       |     1 |       |       |       |       ||     1
Evoke: Wand              |       |       |     8 |    11 |     1 |     5 ||    25
       Crystal ball of e |       |       |       |       |       |     3 ||     3
       Lamp of fire      |       |       |       |       |       |     1 ||     1
  Use: Scroll            |     4 |    10 |     1 |    12 |     7 |    10 ||    44
       Potion            |       |     1 |     1 |     3 |     2 |     3 ||    10
 Stab: Confused          |       |     2 |    15 |    10 |       |       ||    27
       Distracted        |       |       |     1 |     1 |       |     2 ||     4
       Sleeping          |       |       |       |       |       |     2 ||     2
  Eat: Chunk             |     3 |     3 |     5 |    11 |    26 |    23 ||    71
       Ration            |       |     2 |     3 |     8 |     7 |    14 ||    34
Armor: Robe              |     4 |       |       |       |       |       ||     4
       Leather armour    |     1 |    13 |    47 |    58 |    69 |     4 ||   192
       Troll leather arm |       |       |       |       |       |    70 ||    70
Dodge: Dodged            |     6 |    49 |   163 |   247 |   401 |   393 ||  1259
Block: Shield            |       |       |       |       |       |   251 ||   251
